 Dungeon Crawl Stone Soup version 0.27-a0-262-gc50aac273e (webtiles) character file.

Game seed: 7527041021586286742

71 kae the Ruffian (level 4, 0/36 HPs)
             Began as a Draconian Transmuter on Feb 4, 2021.
             Slain by a river rat (6 damage)
             ... on level 3 of the Dungeon.
             The game lasted 00:01:28 (2455 turns).

kae the Ruffian (Draconian Transmuter)              Turns: 2455, Time: 00:01:29

Health: 0/36       AC:  5    Str: 14    XL:     4   Next: 5%
Magic:  3/7        EV: 12    Int: 13    God:
Gold:   122        SH:  0    Dex: 11    Spells: 3/7 levels left

rFire    . . .     SeeInvis .     - Unarmed
rCold    . . .     Faith    .   (no shield)
rNeg     . . .     Spirit   .   (armour unavailable)
rPois    .         Reflect  .   (helmet currently unavailable)
rElec    .         Harm     .   (no cloak)
rCorr    .         Rampage  .   (no gloves)
Will     .....                  (boots currently unavailable)
Stlth    +.........             (no amulet)
HPRegen  0.12/turn              (no ring)
MPRegen  0.10/turn              (no ring)

@: brilliant, lethally poisoned (0 -> -2), appendages (expiring)
A: unfitting armour, horns 2, talons 2, cold-blooded, AC +5
a: End Transformation


You were on level 3 of the Dungeon.
You had grown temporary horns.
You had grown temporary talons.
You visited 1 branch of the dungeon, and saw 3 of its levels.

You collected 122 gold pieces.

Inventory:

Scrolls
 a - a scroll of enchant weapon
 e - a scroll of remove curse
 h - a scroll of teleportation
 i - a scroll of immolation
Potions
 b - a potion of degeneration
 c - 2 potions of brilliance
 d - a potion of attraction


   Skills:
 + Level 1.8 Fighting
 + Level 2.2 Dodging
 * Level 3.7 Unarmed Combat
 + Level 2.3 Spellcasting
 + Level 2.5 Transmutations
 * Level 0.2 Poison Magic


You had 3 spell levels left.
You knew the following spells:

 Your Spells              Type           Power        Failure   Level
a - Beastly Appendage     Tmut           24%          9%          1
b - Spider Form           Tmut/Pois      3%           38%         3

Your spell library contained the following spells:

 Spells                   Type           Power        Failure   Level
 Wereblood                Tmut           12%          13%         2
 Ice Form                 Ice/Tmut       7%           82%         4
 Blade Hands              Tmut           6%           94%         5


Dungeon Overview and Level Annotations

Branches:
Dungeon (3/15)

Altars:

Portals:
Sewer: D:3


Innate Abilities, Weirdness & Mutations

Your plain brown scales are hard. (AC +5)
You cannot fit into any form of body armour.
You are cold-blooded and may be slowed by cold attacks.
You have a pair of horns on your head.
You have razor-sharp toenails.


Message History

You kill the rat!
You closely miss the river rat. You headbutt the river rat.
The river rat is heavily wounded.
You feel sick.
You closely miss the river rat. You claw the river rat.
The river rat is severely wounded.
The river rat bites you!
* * * LOW HITPOINT WARNING * * *
You barely miss the river rat. Your kick misses the river rat.
The river rat is severely wounded.
The river rat bites you.
* * * LOW HITPOINT WARNING * * *
You barely miss the river rat. Your headbutt misses the river rat.
The river rat is severely wounded.
You feel sick. The river rat barely misses you.
You closely miss the river rat.
The river rat is severely wounded.
Your transformation is almost over.
The river rat bites you.
You die...

#........#≈≈∩≈#.#
#.#####..#≈≈≈B#.##
#.# ##.#≈≈≈S'..#
#.# #.######..#
#.# #.........#
#.# ##.###.##.#
..# #........# ##
#####r#### #@# #.#
#.# #.# #.# #..
... ...


You could see a river rat.

Vanquished Creatures
  An adder (D:3)
  An ooze (D:2)
  2 worms
  A dart slug (D:1)
  4 leopard geckos
  3 giant cockroaches
  3 goblins
  4 hobgoblins
  2 jackals (D:2)
  A quokka (D:2)
  2 ball pythons (D:3)
  5 bats
  A frilled lizard (D:2)
  6 kobolds
  11 rats
47 creatures vanquished.

Notes
Turn   | Place    | Note
-------+----------+-------------------------------------------
     0 | D:1      | kae the Draconian Transmuter began the quest for the Orb.
     0 | D:1      | Reached XP level 1. HP: 16/16 MP: 3/3
   479 | D:1      | Reached XP level 2. HP: 19/23 MP: 3/5
  1646 | D:2      | Reached XP level 3. HP: 28/28 MP: 6/6
  2325 | D:3      | Found a glowing drain.
  2379 | D:3      | Learned a level 3 spell: Spider Form
  2446 | D:3      | Reached XP level 4. HP: 21/36 MP: 2/7
  2455 | D:3      | Slain by a river rat

Illustrated notes

Levels and vault maps discovered:
D:1:      lemuel_arrival_funnel, layout_loops_corners, minmay_cupped
D:2:      layout_rooms, amcnicky_mini_pool_small, minmay_fountain_box,
          kennysheep_generic_room_4
D:3:      layout_loops_ring, lemuel_coloured_pillars_altar, lemuel_doored_altar,
          portal_sewer_entry_c, trog_book, uniq_ijyb

Skill      XL: |  1  2 |
---------------+-------+-----
Dodging        | 2 |  2.2
Fighting       | |  1.8
Unarmed Combat | |  3.7
Spellcasting   | |  2.3
Transmutations | |  2.5
Poison Magic   | |  0.2

Action                   |  1- 3 |  4- 6 || total
-------------------------+-------+-------++-------
Melee: Unarmed           |   122 |    10 ||   132
       Kick              |    17 |     2 ||    19
       Headbutt          |    10 |     1 ||    11
       Tailslap          |     7 |     2 ||     9
       Punch             |     2 |       ||     2
 Cast: Beastly Appendage |    33 |       ||    33
  Use: Scroll            |     8 |       ||     8
       Potion            |     4 |       ||     4
 Stab: Sleeping          |     1 |       ||     1
Armor: Skin              |    53 |       ||    53
Dodge: Dodged            |   105 |     2 ||   107

Table legend: (Time is in decaauts)
 A = Elapsed time spent in this place.
 B = Non-inter-level travel time spent in this place.
 C = Inter-level travel time spent in this place.
 D = Time resting spent in this place.
 E = Time spent auto-exploring this place.
 F = Levels seen in this place.
 G = Mean time per level.
                   A        B        C        D        E       F      G
               +--------+--------+--------+--------+--------+-----+--------+
         Total |   2446 |   2360 |     86 |     33 |   1964 |   3 |  815.3 |
       Dungeon |   2446 |   2360 |     86 |     33 |   1964 |   3 |  815.3 |
               +--------+--------+--------+--------+--------+-----+--------+

Top non-repeatable levels by time:
     D:1: 1493 daAuts
     D:2: 817 daAuts
     D:3: 135 daAuts
